 Dungeon Crawl Stone Soup version 0.17.0-24-gcfadda4 (webtiles) character file.

9925 oplop the Nimble (level 11, -5/75 HPs)
             Began as an Octopode Transmuter on Nov 15, 2015.
             Was an Elder of Cheibriados.
             Slain by a red ugly thing (19 damage)
             ... on level 11 of the Dungeon.
             The game lasted 00:36:26 (16609 turns).

oplop the Nimble (Octopode Transmuter)             Turns: 16609, Time: 00:36:26

Health: -5/75      AC:  2    Str: 22    XL:     11   Next: 54%
Magic:  13/20      EV: 32    Int: 27    God:    Cheibriados [****..]
Gold:   751        SH:  0    Dex: 26    Spells: 6 memorised, 4 levels left

rFire  . . .     SeeInvis .       - Unarmed
rCold  . . .     Clarity  .     (shield currently unavailable)
rNeg   . . .     SustAt   +     (helmet currently unavailable)
rPois  x         Gourm    +     A - amulet of the gourmand
rElec  .         Spirit   .     n - ring of protection from magic
rCorr  .         Warding  .     l - ring of sustain attributes
rMut   .         Stasis   .     (no ring)
MR     +....                    (no ring)
Stlth  ++........               (no ring)
                                (no ring)
                                (no ring)
                                (no ring)

@: spider-form, very slow, somewhat resistant to hostile enchantments,
unstealthy
A: almost no armour, amphibious, 8 rings, (constrict 8), (camouflage 0), breathe
flames 1, clever 1, (gelatinous body 0), MP-powered wands
a: End Transformation, Bend Time, Temporal Distortion, Slouch, Renounce
Religion, Breathe Fire


You were on level 11 of the Dungeon.
You worshipped Cheibriados.
Cheibriados was greatly pleased with you.
You were very full.
You were a venomous arachnid creature.
You visited 1 branch of the dungeon, and saw 11 of its levels.

You collected 751 gold pieces.

Inventory:

Hand Weapons
 t - a +0 dagger of electrocution
 x - a +0 blowgun
Missiles
 a - 193 arrows
 q - 3 javelins of returning (quivered)
 y - 16 poisoned needles
Jewellery
 l - a ring of sustain attributes (right front leg)
 n - a ring of protection from magic (left front leg)
 A - an amulet of the gourmand (around neck)
Wands
 f - a wand of lightning (6)
 o - a wand of fire (0)
 r - a wand of frost (22)
 u - a wand of enslavement (12)
 w - a wand of digging (14)
 B - a wand of paralysis (0)
Scrolls
 i - a scroll of enchant weapon
 j - 7 scrolls of remove curse
 F - a scroll of magic mapping
Potions
 g - a potion of curing
 k - 2 potions of flight
 m - a potion of brilliance
 s - a potion of lignification
Books
 b - a book of Changes

   Spells                             Type                      Level
   a - Beastly Appendage              Transmutation                1
   b - Sticks to Snakes               Transmutation                2
   c - Spider Form                    Transmutation/Poison         3
   d - Ice Form                       Ice/Transmutation            4
   e - Blade Hands                    Transmutation                5
 v - a book of Maledictions

   Spells                             Type                      Level
   a - Corona                         Hexes                        1
   b - Ensorcelled Hibernation        Hexes/Ice                    2
   c - Confuse                        Hexes                        3
   d - Tukima's Dance                 Hexes                        3
   e - Dazzling Spray                 Conjuration/Hexes            3
Comestibles
 c - 3 bread rations
 d - 3 meat rations
 p - 2 slices of pizza
 z - 9 royal jellies


   Skills:
 + Level 7.3 Fighting
 + Level 8.4 Dodging
 + Level 6.4 Unarmed Combat
 - Level 6.3 Spellcasting
 - Level 3.4 Hexes
 - Level 7.7 Transmutations
 - Level 3.9 Ice Magic
 - Level 2.3 Poison Magic
 + Level 6.0 Invocations


You had 4 spell levels left.
You knew the following spells:

 Your Spells              Type           Power        Failure   Level  Hunger
a - Beastly Appendage     Trmt           ######       3%          1    None
b - Sticks to Snakes      Trmt           ######....   3%          2    None
c - Spider Form           Trmt/Pois      #####.....   10%         3    None
d - Ice Form              Ice/Trmt       #####...     21%         4    ###....
e - Blade Hands           Trmt           ######....   24%         5    #####..
f - Tukima's Dance        Hex            ####....     14%         3    None


Dungeon Overview and Level Annotations

Branches:
Dungeon (11/15)            Temple (0/1) D:5            Lair (0/8) D:8
    Orc (0/4) D:10

Altars:
Ashenzari
Cheibriados
Elyvilon
Fedhas
Kikubaaqudgha
Nemelex Xobeh
Ru
Sif Muna
Trog
Yredelemnul
Zin
The Shining One

Annotations:
D:3 exclusion: ogre
D:5 exclusion: centaur


Innate Abilities, Weirdness & Mutations

You cannot wear most types of armour.
You are amphibious.
You can wear up to eight rings at the same time.
((You can use your tentacles to constrict eight enemies at once.))
((Your skin changes colour to match your surroundings (Stealth).))
((Your rubbery body absorbs attacks (AC +1).))
You can breathe flames.
Your mind is acute. (Int +2)
You expend magic power (3 MP) to strengthen your wands.


Message History

Cheibriados rebukes the red ugly thing.
The red ugly thing seems to slow down.
You feel slightly less full.
The red ugly thing completely misses you.
Unknown command.
Casting: Ice Form
Confirm with . or Enter, or press ? or * to list all spells.
You warm up again.
You turn into a venomous arachnid creature.
The red ugly thing completely misses you.
You bite the red ugly thing!
The red ugly thing is poisoned.
The red ugly thing is moderately wounded.
The red ugly thing completely misses you.
The red ugly thing is no longer moving slowly.
The red ugly thing closely misses you.
You bite the red ugly thing!
The red ugly thing is heavily wounded.
The red ugly thing stings you.
* * * LOW HITPOINT WARNING * * *
You are engulfed in flames!!
You die...

............ .... .......
#.........>.##... ...........
#...........##..# #......#...
#...........##..# #......#...
#...........##..# #).....#...
##...........##..# #......#...
.................# #......#...
.................####......#...
.........##..us................
.........##..###.####......##..
.........##..# #.# #.....[##..
.........##..# #.# #......##..
....##...##..# #.# #......##..
.... #...##..# #.# #......##..
... #...##..# #.# #......##..
.. #...# ..# #.......... ..#
#..........


You could see a red ugly thing.

Vanquished Creatures
  An unseen horror (D:11)
  Maurice (D:10)
  3 trolls
  A queen bee (D:9)
  A two-headed ogre (D:4)
  A wyvern (D:8)
  6 yaks (D:9)
  A hungry ghost (D:9)
  2 hippogriffs
  2 wolves (D:7)
  3 sky beasts
  A wasp (D:11)
  An eye of draining (D:5)
  5 ice beasts
  2 orc warriors
  8 ogres
  7 centaurs
  3 phantoms
  3 giant frogs
  A crocodile (D:9)
  A gnoll sergeant (D:9)
  A big kobold (D:10)
  A wyvern zombie (D:9)
  4 wights (D:9)
  23 killer bees
  2 scorpions
  A water moccasin skeleton (D:8)
  2 quasits
  A centaur zombie (D:9)
  4 jellies
  7 crimson imps
  A wasp zombie (D:8)
  4 orc priests
  12 hounds
  8 orc wizards
  A centaur skeleton (D:4)
  3 giant frog skeletons
  2 iguanas
  8 worker ants
  A hound skeleton (D:4)
  A worker ant zombie (D:5)
  Robin (D:4)
  9 gnolls
  14 adders
  3 shadow imps
  2 oozes
  2 adder skeletons
  2 worms
  44 orcs
  7 bats
  7 giant cockroaches
  15 goblins
  10 hobgoblins
  6 quokkas
  A ball python (D:1)
  8 giant geckos
  A giant gecko skeleton (D:6)
  6 giant newts
  6 jackals
  13 kobolds
  5 rats
303 creatures vanquished.

Vanquished Creatures (collateral kills)
  A yak (D:9)
  5 killer bees (D:9)
  An electric eel (D:8)
  An adder (D:4)
  A quokka (D:8)
9 creatures vanquished.

Grand Total: 312 creatures vanquished

Notes
Turn   | Place    | Note
--------------------------------------------------------------
     0 | D:1      | oplop the Octopode Transmuter began the quest for the Orb.
     0 | D:1      | Reached XP level 1. HP: 13/13 MP: 3/3
   152 | D:1      | Reached XP level 2. HP: 11/18 MP: 3/5
  1081 | D:2      | Reached XP level 3. HP: 13/24 MP: 4/6
  1432 | D:2      | Found an ancient bone altar of Kikubaaqudgha.
  1612 | D:2      | Reached XP level 4. HP: 24/29 MP: 5/7
  1838 | D:3      | Noticed an ogre
  2313 | D:3      | Reached XP level 5. HP: 21/35 MP: 9/9
  2542 | D:3      | Learned a level 2 spell: Sticks to Snakes
  2546 | D:3      | Learned a level 3 spell: Spider Form
  2714 | D:3      | Reached skill level 1 in Poison Magic
  2715 | D:3      | Reached XP level 6. HP: 23/42 MP: 8/11
  2721 | D:3      | Reached skill level 4 in Transmutations
  3583 | D:4      | Learned a level 4 spell: Ice Form
  3592 | D:4      | Found a blossoming altar of Fedhas.
  3596 | D:4      | Noticed Robin
  3626 | D:4      | Killed Robin
  3927 | D:4      | Found a snail-covered altar of Cheibriados.
  4013 | D:4      | Reached skill level 1 in Ice Magic
  4013 | D:4      | Reached XP level 7. HP: 34/47 MP: 9/12
  4421 | D:4      | Found a white marble altar of Elyvilon.
  4421 | D:4      | Found a glowing golden altar of the Shining One.
  4421 | D:4      | Found a glowing silver altar of Zin.
  4422 | D:4      | Noticed a two-headed ogre
  4435 | D:4      | Killed a two-headed ogre
  4435 | D:4      | Reached XP level 8. HP: 54/54 MP: 11/14
  4474 | D:5      | Entered Level 5 of the Dungeon
  4486 | D:5      | Found a bloodstained altar of Trog.
  4505 | D:5      | Reached skill level 5 in Transmutations
  4884 | D:5      | Found a sparkling altar of Nemelex Xobeh.
  4900 | D:5      | Found a staircase to the Ecumenical Temple.
  5051 | D:5      | Found a shattered altar of Ashenzari.
  5820 | D:6      | Reached skill level 5 in Fighting
  5849 | D:6      | Reached skill level 5 in Spellcasting
  6536 | D:6      | Found a sacrificial altar of Ru.
  6887 | D:6      | Reached XP level 9. HP: 33/61 MP: 13/16
  7038 | D:7      | Reached skill level 6 in Transmutations
  7154 | D:7      | Reached skill level 5 in Dodging
  7587 | D:7      | Found a deep blue altar of Sif Muna.
  8666 | D:7      | Reached skill level 7 in Transmutations
  8934 | D:8      | Found a staircase to the Lair.
  8974 | D:8      | Reached XP level 10. HP: 30/69 MP: 19/19
  9404 | D:4      | Became a worshipper of Cheibriados the Contemplative
 10071 | D:8      | Reached skill level 1 in Invocations
 10567 | D:8      | Reached * piety under Cheibriados
 10796 | D:9      | Learned a level 5 spell: Blade Hands
 10800 | D:9      | Learned a level 3 spell: Tukima's Dance
 11083 | D:9      | Reached skill level 1 in Hexes
 11490 | D:9      | Gained mutation: Your mind is acute. (Int +2) [potion of mutation]
 11490 | D:9      | Gained mutation: You can breathe flames. [potion of mutation]
 11490 | D:9      | Gained mutation: You expend magic power (3 MP) to strengthen your wands. [potion of mutation]
 11980 | D:9      | Reached ** piety under Cheibriados
 12030 | D:9      | Reached skill level 5 in Unarmed Combat
 12039 | D:9      | HP: 3/69 [killer bee (7)]
 12898 | D:9      | Reached XP level 11. HP: 38/74 MP: 16/20
 13555 | D:9      | Reached skill level 5 in Invocations
 13682 | D:9      | Reached *** piety under Cheibriados
 13808 | D:9      | Found a basalt altar of Yredelemnul.
 13879 | D:10     | Entered Level 10 of the Dungeon
 14053 | D:10     | Found a staircase to the Orcish Mines.
 14539 | D:10     | Noticed Maurice
 14554 | D:10     | Killed Maurice
 14554 | D:10     | Reached skill level 8 in Dodging
 14841 | D:11     | Noticed a hill giant
 14896 | D:10     | Reached **** piety under Cheibriados
 15673 | D:8      | HP: 1/75 [electric eel/bolt of electricity (10)]
 16081 | D:11     | Paralysed by a wasp for 2 turns
 16350 | D:11     | Killed an unseen horror
 16609 | D:11     | Slain by a red ugly thing

Action                   |  1- 3 |  4- 6 |  7- 9 | 10-12 || total
-------------------------+-------+-------+-------+-------++-------
Melee: Unarmed           |    66 |   167 |   238 |   417 ||   888
       Dagger            |       |       |    45 |    35 ||    80
 Fire: Blowgun           |       |       |     6 |    13 ||    19
Throw: Javelin           |     3 |       |     3 |     2 ||     8
 Cast: Beastly Appendage |    21 |    28 |    12 |     5 ||    66
       Sticks to Snakes  |       |     5 |       |    25 ||    30
       Spider Form       |       |     2 |    30 |    21 ||    53
       Ice Form          |       |       |     4 |    25 ||    29
Invok: Bend Time         |       |       |       |    10 ||    10
       Temporal Distorti |       |       |       |     2 ||     2
 Abil: End Transformatio |       |       |     3 |     1 ||     4
       Breathe Fire      |       |       |       |     1 ||     1
Evoke: Wand              |       |       |     4 |     8 ||    12
  Use: Potion            |       |     4 |     1 |    11 ||    16
       Scroll            |       |     7 |     6 |     8 ||    21
 Stab: Sleeping          |     5 |     6 |     6 |     4 ||    21
       Paralysed         |       |       |     5 |     9 ||    14
       Invisible         |       |       |       |     6 ||     6
  Eat: Chunk             |     2 |       |    19 |    21 ||    42
       Meat ration       |       |     2 |     1 |       ||     3
       Pizza             |       |       |     1 |       ||     1
       Royal jelly       |       |       |       |     1 ||     1
